 Dungeon Sprint DCSS version 0.20.1-1-g8b1a95d (webtiles) character file.

297 JustSomeDude the Skirmisher (level 6, -13/55 HPs)
             Began as a Demonspawn Fighter on Aug 26, 2017.
             Mangled by a yak (14 damage)
             ... in the Dungeon (Sprint I: "Red Sonja").
             The game lasted 00:01:04 (399 turns).

JustSomeDude the Skirmisher (Demonspawn Fighter)     Turns: 399, Time: 00:01:05

Health: -13/55     AC:  9    Str: 17    XL:     6   Next: 12%
Magic:  6/6        EV:  7    Int: 10    God:
Gold:   305        SH: 10    Dex: 13    Spells: 5/5 levels left

rFire    + . .     SeeInvis .   a - +0 rapier
rCold    . . .     Gourm    .   c - +0 shield
rNeg     . . .     Faith    .   b - +0 scale mail
rPois    .         Spirit   .   (helmet restricted)
rElec    .         Reflect  .   (no cloak)
rCorr    .         Harm     .   (no gloves)
MR       .....     NoTele   +   (no boots)
Stlth    ..........             (no amulet)
Regen    0.2/turn               (no ring)
MPRegen  0.1/turn               (no ring)

@: no status effects
A: antennae 1, yellow scales 1, fire resistance 1, flame cloud immunity
a: no special abilities


You were in the Dungeon.
You were not hungry.

You visited 1 branch You collected 305 gold pieces.

Inventory:

Hand Weapons
 a - a +0 rapier (weapon)
Armour
 b - a +0 scale mail (worn)
 c - a +0 shield (worn)
 h - a +0 pair of boots
Scrolls
 k - a scroll of blinking
Potions
 d - a potion of might
 e - a potion of curing
 g - a potion of heal wounds
 i - 2 potions of magic
 j - a potion of berserk rage
Comestibles
 f - a bread ration


   Skills:
 + Level 7.0 Fighting
 + Level 5.8 Short Blades
 + Level 7.0 Armour
 + Level 0.3 Dodging
 + Level 6.1 Shields


You had 5 spell levels left.
You didn't know any spells.

Dungeon Overview and Level Annotations

Branches:
Dungeon (1/1)

Altars:
Cheibriados
Dithmenos
Elyvilon
Fedhas
Hepliaklqana
Kikubaaqudgha
Okawaru
Qazlal
Ru
Sif Muna
Trog
Uskayaw
Vehumet
Yredelemnul
Zin
The Shining One

Shops:
D %


Innate Abilities, Weirdness & Mutations

You have a pair of small antennae on your head.
You are partially covered in yellow scales. (AC +2)
Your flesh is heat resistant. (rF+)
You are immune to clouds of flame.


Message History

The yak is almost dead.
The yak gores you!
You hit the yak but do no damage.
The yak is almost dead.
The yak gores you!
* * * LOW HITPOINT WARNING * * *
Your shield and scale mail prevent you from hitting the yak.
The yak is almost dead.
The yak gores you!
* * * LOW HITPOINT WARNING * * *
You closely miss the yak.
The yak is almost dead.
The yak barely misses you.
Your shield prevents you from hitting the yak.
The yak is almost dead.
You block the yak's attack.
You hit the yak but do no damage.
The yak is almost dead.
The yak gores you!
You die...

################
#<.#.)'..#.)'..#
#..').#..'..#..+
#..#####'#####'#
#..# #..#...#.#
#..#__####..##.#
#..#_____##'#..+
#⌠⌠#_.∩...Y@.._#
####_..__##_.#+#
___ ##+# #


You could see a yak.

Vanquished Creatures
  Sigmund (D)
  An ogre (D)
  A jelly (D)
  Ijyb (D)
4 creatures vanquished.

Notes
Turn   | Place    | Note
-------+----------+-------------------------------------------
     0 | D        | JustSomeDude the Demonspawn Fighter began the quest for the Orb.
     0 | D        | Reached XP level 1. HP: 18/18 MP: 1/1
     1 | D        | Noticed Ijyb
    15 | D        | Killed Ijyb
    15 | D        | Gained mutation: You have a pair of small antennae on your head. [demonic ancestry]
    15 | D        | Reached XP level 2. HP: 22/25 MP: 2/2
    19 | D        | Noticed an ogre
    26 | D        | Killed an ogre
    26 | D        | Reached skill level 5 in Fighting
    26 | D        | Reached skill level 5 in Armour
    26 | D        | Reached skill level 5 in Shields
    26 | D        | Gained mutation: Your flesh is heat resistant. (rF+) [demonic ancestry]
    26 | D        | Reached XP level 3. HP: 30/33 MP: 3/3
    26 | D        | Gained mutation: You are immune to clouds of flame. [demonic ancestry]
    26 | D        | Reached XP level 4. HP: 35/39 MP: 4/4
    37 | D        | Noticed Sigmund
    62 | D        | Killed Sigmund
    62 | D        | Reached skill level 5 in Short Blades
    62 | D        | Reached XP level 5. HP: 5/47 MP: 5/5
    62 | D        | Gained mutation: You are partially covered in yellow scales. (AC +2) [demonic ancestry]
    62 | D        | Reached XP level 6. HP: 5/53 MP: 6/6
   354 | D        | Found a deep blue altar of Sif Muna.
   356 | D        | Found a radiant altar of Vehumet.
   381 | D        | Found Bozuatz's Food Emporium.
   381 | D        | Found an ancient bone altar of Kikubaaqudgha.
   381 | D        | Found a hazy altar of Hepliaklqana.
   381 | D        | Found a stormy altar of Qazlal.
   381 | D        | Found a hide-covered altar of Uskayaw.
   381 | D        | Found a blossoming altar of Fedhas.
   381 | D        | Found a bloodstained altar of Trog.
   381 | D        | Found an iron altar of Okawaru.
   381 | D        | Found a basalt altar of Yredelemnul.
   381 | D        | Found a glowing golden altar of the Shining One.
   381 | D        | Found a snail-covered altar of Cheibriados.
   381 | D        | Found a sacrificial altar of Ru.
   381 | D        | Found a glowing silver altar of Zin.
   381 | D        | Found a shadowy altar of Dithmenos.
   381 | D        | Found a white marble altar of Elyvilon.
   381 | D        | Noticed a yak
   396 | D        | HP: 1/55 [yak (14)]
   399 | D        | Mangled by a yak

Skill      XL: |  1  2  3  4  5  6 |
---------------+-------------------+-----
Fighting       | 4 5 6 7 |  7.0
Short Blades   | 2 3 5 |  5.8
Armour         | 4 5 6 7 |  7.0
Shields        | 3 5 6 |  6.1
Dodging        | |  0.3

Action                   |  1- 3 |  4- 6 || total
-------------------------+-------+-------++-------
Melee: Rapier            |    18 |    43 ||    61
  Use: Potion            |     1 |       ||     1
Armor: Scale mail        |     4 |     5 ||     9
Dodge: Dodged            |     7 |     3 ||    10
Block: Shield            |     4 |     5 ||     9
